 Dungeon Crawl Stone Soup version 0.31.0-11-ge490571c62 (webtiles) character file.

Game seed: 17672477542355704110

2129 olmar the Grappler (level 9, -3/74 HPs)
             Began as a Naga Shapeshifter on Feb 4, 2024.
             Killed from afar by an electric eel (6 damage)
             ... with a bolt of electricity
             ... on level 7 of the Dungeon.
             The game lasted 00:12:03 (7121 turns).

olmar the Grappler (Naga Shapeshifter)              Turns: 7121, Time: 00:12:03

Health: -3/74      AC:  5    Str: 20    XL:     9   Next: 30%
Magic:  0/18       EV: 13    Int: 11    God:
Gold:   457        SH:  0    Dex: 11    Spells: 8/8 levels left

rFire   . .          .
                       - Unarmed
rCold   . . .        (shield currently unavailable)
rNeg    . . .        a - melded +1 animal skin
rPois   +            (helmet restricted)
rElec   .            (no cloak)
rCorr   .            (no gloves)
SInv    +            (no barding)
Will    +....        p - amulet of guardian spirit
Stlth   +            o - ring of magical power
HPRegen 0.32/turn    (no ring)
MPRegen 0.16/turn

%: random rage (3%), guardian spirit
@: flux-form, glowing, very slow
A: glow, contaminating, reduced hp, AC +3, large, see invisible, deformed body,
poison resistance, slowness 2, spit poison 1, naga tail 1, horns 1, iridescent
scales 1, berserk 1
a: Spit Poison, Begin Untransformation


You were on level 7 of the Dungeon.
You were something dangerously unstable.
You visited 1 branch of the dungeon, and saw 7 of its levels.

You collected 457 gold pieces.

Inventory:

Missiles
 h - 4 poisoned darts
 v - 6 darts of dispersal (quivered)
Armour
 a - a +1 animal skin (melded)
 r - +0 steam dragon scales
Magical Staves
 s - the staff "Odiuxac" {rElec rF+ rN+ Will- Str+2 Necro}
   (You found it on level 6 of the Dungeon)

   [staff of death]

   Base accuracy: +5 Base damage: 5 Base attack delay: 1.2 This weapon's minimum
   attack delay (0.6) is reached at skill level 12.
   Str+2:     It affects your strength (+2).
   rF+:       It protects you from fire.
   rElec:     It insulates you from electricity.
   rN+:       It protects you from negative energy.
   Will-:     It decreases your willpower.
   Necro:     It increases the power of your Necromancy spells.
   It falls into the 'Staves' category.
   It is a one-handed weapon.
Jewellery
 o - a ring of magical power (left hand)
 p - an amulet of guardian spirit (around neck)
Talismans
 c - a beast talisman
 d - a flux talisman (active)
 q - a maw talisman
Wands
 b - a wand of flame (5)
 g - a wand of iceblast (6)
Scrolls
 i - a scroll of vulnerability
 j - 3 scrolls of amnesia
 k - 2 scrolls of identify
 l - a scroll of silence {unknown}
 m - a scroll of fog {unknown}
 u - a scroll of enchant armour
Potions
 e - a potion of haste
 f - 3 potions of attraction
 n - a potion of lignification


   Skills:
 + Level 4.3 Fighting
 - Level 1.5 Dodging
 + Level 5.5 Stealth
 + Level 9.0 Unarmed Combat
 * Level 6.5 Shapeshifting


You had 8 spell levels left.
You didn't know any spells.
Your spell library contained the following spells:

 Spells                   Type           Power      Damage    Failure   Level
 Lesser Beckoning         Tloc           0%         N/A       47%         2
 Gell's Gravitas          Tloc           0%         N/A       71%         3
 Teleport Other           Tloc           0%         N/A       71%         3


Dungeon Overview and Level Annotations

Branches:
Dungeon (7/15)
 Temple: D:4-7

Altars:
Ashenzari
Fedhas
Yredelemnul

Shops:
D:2 [   D:7 [!


Innate Abilities, Weirdness & Mutations

You are something dangerously unstable.
You glow with magical radiation, making you easy to see and hit.
Foes you strike become dangerously contaminated with magical radiation.
Your maximum health is decreased, since you lack skill for your form.
You are incapable of wielding weapons or throwing items.
Your serpentine skin is tough. (AC +3)
You have supernaturally acute eyesight. (SInv)
Armour fits poorly on your strangely shaped body.
Your system is resistant to poisons. (rPois)
You cover ground very slowly.
You can spit poison.
You have a snake-like lower body.
You have a pair of small horns on your head.
You are partially covered in iridescent scales. (AC +2)
You sometimes lose your temper in combat.


Message History

The bolt of electricity hits the electric eel.
The electric eel completely resists.
You completely miss the electric eel.
The electric eel shoots out a bolt of lightning at you!
The bolt of electricity hits you! x2
The bolt of electricity hits the electric eel.
The electric eel completely resists.
Unknown command.
You miss the electric eel.
The electric eel shoots out a bolt of lightning at you!
The bolt of electricity hits you! The bolt of electricity misses you.
The bolt of electricity hits the electric eel.
The electric eel completely resists.
You are too injured to fight recklessly!
Unknown command.
Unknown command.
You are too injured to fight recklessly!
You hit the electric eel but do no damage.
The electric eel begins to glow.
The electric eel shoots out a bolt of lightning at you!
The bolt of electricity hits you!
* * * LOW HITPOINT WARNING * * *
The bolt of electricity hits you.
* * * LOW HITPOINT WARNING * * *
The bolt of electricity hits the electric eel.
The electric eel completely resists.
Unknown command.
Okay, then.
You can't do that in your present form.
Unknown command.
Okay, then.
It was a potion of mutation.
You feel extremely strange. A pair of horns grows on your head!
Iridescent scales grow over part of your body.
You feel a little pissed off.
The electric eel shoots out a bolt of lightning at you!
The bolt of electricity hits you!
* * * LOW HITPOINT WARNING * * *
The bolt of electricity hits you.
You die...

#.........#
#.#######.#
#.# #.# #.#
#.### ..#
#...# #
#≈≈.# #≈≈.#
#####≈≈.#
...$.≈Sp#
####.≈≈.#
♣.≈≈.♣
...≈≈..
♣.⌠.≈≈.♣
♣...≈≈..
♣.∩.≈≈.∩
♣...≈≈..


You could see an electric eel (contam).

Vanquished Creatures
  Grinder (D:3)
  Sigmund (D:5)
  Eustachio (D:4)
  A steam dragon (D:6)
  Edmund (D:4)
  A water moccasin (D:6)
  An ogre (D:6)
  4 scorpions
  2 hounds (D:6)
  3 bombardier beetles
  3 orc priests
  4 jellies
  Ijyb (D:3)
  4 iguanas
  Natasha (thrice) (D:3)
  4 orc wizards
  7 gnolls
  12 adders
  A shadow imp (D:6)
  A white imp (D:6)
  2 dart slugs
  13 orcs
  4 endoplasms
  2 giant cockroaches
  3 goblins
  10 hobgoblins
  10 jackals
  4 quokkas
  8 ball pythons
  A bat (D:2)
  4 frilled lizards
  11 kobolds
  7 rats
135 creatures vanquished.

Notes
Turn   | Place    | Note
-------+----------+-------------------------------------------
     0 | D:1      | olmar the Naga Shapeshifter began the quest for the Orb.
     0 | D:1      | Reached XP level 1. HP: 18/18 MP: 1/1
   277 | D:1      | Reached XP level 2. HP: 18/25 MP: 2/2
   648 | D:1      | Reached XP level 3. HP: 26/31 MP: 3/3
   885 | D:2      | Found a blossoming altar of Fedhas.
   944 | D:2      | Reached skill level 1 in Stealth
   946 | D:2      | Reached XP level 4. HP: 10/38 MP: 4/4
  1267 | D:2      | Reached skill level 4 in Unarmed Combat
  1462 | D:2      | Found Iciroso's Antique Armour Shoppe.
  1663 | D:3      | Noticed Natasha
  1666 | D:3      | Killed Natasha
  1667 | D:3      | Reached XP level 5. HP: 29/44 MP: 5/5
  1777 | D:3      | Noticed Grinder
  2028 | D:3      | Noticed Ijyb
  2031 | D:3      | Noticed Natasha
  2042 | D:3      | Killed Ijyb
  2047 | D:3      | Killed Natasha
  2183 | D:3      | Noticed Natasha
  2270 | D:3      | Killed Natasha
  2271 | D:3      | Reached skill level 5 in Unarmed Combat
  2271 | D:3      | Reached XP level 6. HP: 31/52 MP: 6/6
  2703 | D:4      | Noticed Eustachio
  2723 | D:4      | Killed Eustachio
  2726 | D:4      | Reached XP level 7. HP: 16/61 MP: 7/7
  2839 | D:4      | Reached skill level 6 in Unarmed Combat
  3332 | D:3      | Paralysed by Grinder for 4 turns
  3361 | D:3      | Killed Grinder
  3722 | D:4      | Reached skill level 7 in Unarmed Combat
  4207 | D:4      | Noticed Edmund
  4310 | D:4      | Reached XP level 8. HP: 56/62 MP: 8/8
  4525 | D:5      | Entered Level 5 of the Dungeon
  4561 | D:5      | Noticed Sigmund
  4889 | D:5      | Killed Sigmund
  5250 | D:5      | Reached skill level 5 in Shapeshifting
  5899 | D:4      | Killed Edmund
  5900 | D:4      | Reached skill level 5 in Stealth
  5900 | D:4      | Reached skill level 8 in Unarmed Combat
  6182 | D:6      | Reached XP level 9. HP: 69/78 MP: 9/9
  6464 | D:6      | Identified the staff "Odiuxac" {rElec rF+ rN+ Will- Str+2
                  | Necro}
  6507 | D:6      | Reached skill level 9 in Unarmed Combat
  7047 | D:6      | Found a broken altar of Ashenzari.
  7047 | D:6      | Found a basalt altar of Yredelemnul.
  7116 | D:7      | Found Qaseng's Distillery.
  7116 | D:7      | Found Afeirph's Antique Armour Shop.
  7121 | D:7      | Gained mutation: You have a pair of small horns on your
                  | head. [potion of mutation]
  7121 | D:7      | Gained mutation: You are partially covered in iridescent
                  | scales. (AC +2) [potion of mutation]
  7121 | D:7      | Gained mutation: You sometimes lose your temper in combat.
                  | [potion of mutation]
  7121 | D:7      | HP: 3/74 [electric eel/bolt of electricity (13)]
  7121 | D:7      | Killed from afar by an electric eel

Illustrated notes

Levels and vault maps discovered:
D:1:      grunt_arrival_lava_bath, layout_basic, kennysheep_another_room
D:2:      layout_rooms, serial_shops, shop, basic_altar
D:3:      layout_loops_ring, uniq_natasha, uniq_ijyb, uniq_grinder
D:4:      layout_cave_pods, uniq_edmund, uniq_eustachio
D:5:      layout_basic, uniq_sigmund
D:6:      layout_loops_ring, amethyst_overflow_temple_binary
D:7:      layout_basic, minmay_temple_entry_nine_rooms,
          nicolae_wooded_promenade, uniq_maurice

Skill      XL: |  1  2  3  4  5  6  7  8  9 |
---------------+----------------------------+-----
Stealth        | 1 2 3 4 5 |  5.5
Unarmed Combat | 4 5 7 8 9 |  9.0
Shapeshifting  | 4 5 6 |  6.5
Fighting       | 2 3 4 |  4.3
Dodging        | |  1.5

Action                     |  1- 3 |  4- 6 |  7- 9 || total
---------------------------+-------+-------+-------++-------
  Melee: Unarmed           |    65 |    93 |   224 ||   382
         Punch             |     1 |     2 |     3 ||     6
Ability: Spit Poison       |     8 |    27 |    33 ||    68
  Evoke: Wand              |       |     2 |     2 ||     4
    Use: Potion            |     1 |     2 |     2 ||     5
         Scroll            |       |     5 |     4 ||     9
   Stab: Sleeping          |     1 |     2 |     2 ||     5
 Armour: Animal skin       |    29 |    79 |    85 ||   193
         Skin              |    11 |       |    70 ||    81
  Dodge: Dodged            |    20 |    51 |   104 ||   175
   Form: Flux              |       |       |     1 ||     1
